 Dungeon Crawl Stone Soup version 0.22.1-1-ga44c0e5 (webtiles) character file.

624280 tifemel the Conqueror (level 27, -6/272 (273) HPs)
             Began as a Minotaur Berserker on Sept 25, 2018.
             Was a Priest of Zin.
             Mangled by a stone giant (41 damage)
             ... created by the rage of Trog
             ... on level 1 of the Tomb of the Ancients on Sept 26, 2018.
             The game lasted 08:28:24 (73117 turns).

tifemel the Conqueror (Minotaur Berserker)         Turns: 73117, Time: 08:28:24

HP:   -6/272 (273)  AC: 45    Str: 45    XL:     27
MP:   19/19         EV: 16    Int:  4    God:    Zin [***...]
Gold: 6923          SH:  8    Dex: 14    Spells: 26/26 levels left

rFire    + + .     SeeInvis +   T - +2 executioner's axe (venom)
rCold    + . .     Gourm    .   (shield currently unavailable)
rNeg     + + +     Faith    .   u - +12 gold dragon scales
rPois    +         Spirit   .   d - +2 hat of the Orcish Mines {rN+++ MR- rCorr Int+3}
rElec    .         Reflect  +   l - scarf {repulsion}
rCorr    +         Harm     .   a - +0 pair of gloves
MR       +....     Rnd*Rage +   Z - +2 pair of boots {Fly} Stlth ..........Rnd*Tele +
                                s - brooch of Shielding {Reflect SH+8}
HPRegen  0.55/turn              y - ring "Cebotsemi" {Str+4 Slay+3 SInv}
MPRegen  0.16/turn              z - ring "Buigham" {rF+ rN+ Str+7 Int-3 Dex+3}

@: flying, studying Stealth, repel missiles
A: retaliatory headbutt, horns 2, berserk 1, low mp 1, screaming 1, teleportitis
1
}: 3/15 runes: barnacled, silver, gossamer
a: Recite, Vitalisation, Imprison, Donate Gold, Renounce Religion, Stop Flying


You were on level 1 of the Tomb of the Ancients.
You worshipped Zin.
Zin was most pleased with you.
You were not hungry.

You visited 13 branches of the dungeon, and saw 55 of its levels.
You visited the Abyss 1 time.
You visited 1 bazaar.
You also visited: Labyrinth and Ice Cave.

You collected 8336 gold pieces.
You spent 1290 gold pieces at shops.
You donated 123 gold pieces to Zin.

Inventory:

Hand Weapons
 o - the +9 flail "Kyogos" {holy, rPois rF+ rC- Str+5}
   (You found it on level 1 of the Realm of Zot)

   It has been blessed by the Shining One to cause great damage to the undead
   and demons.
   It affects your strength (+5).
   It protects you from fire.
   It makes you vulnerable to cold.
   It protects you from poison.
 J - a +4 battleaxe of flaming
 K - a +6 antimagic battleaxe
 T - a +2 executioner's axe of venom (weapon)
 Y - the +9 longbow "Ilyutwag" {venom, rElec}
   (You found it on level 3 of the Crypt)

   It poisons the ammo it fires.
   It insulates you from electricity.
Missiles
 m - 1419 arrows
Armour
 a - a +0 pair of gloves (worn)
 d - the +2 hat of the Orcish Mines (worn) {rN+++ MR- rCorr Int+3}
   (You found it on level 6 of the Dungeon)

   It affects your intelligence (+3).
   It renders you almost immune to negative energy.
   It affects your resistance to hostile enchantments.
   It provides partial protection from all sources of acid and corrosion.
 l - a scarf of repulsion (worn)
 u - +12 gold dragon scales (worn)
 Z - a +2 pair of boots of flying (worn)
Jewellery
 p - the ring of Trog's Indignation {*Slow +Fly rN+ Int+5}
   (You found it on level 5 of the Lair of Beasts)

   [ring of positive energy]

   It affects your intelligence (+5).
   It protects you from negative energy.
   It lets you fly.
   It may slow you when you take damage.
 s - the brooch of Shielding (around neck) {Reflect SH+8}
   (You found it on level 4 of the Spider Nest)

   [amulet of reflection]

   It shields you and reflects attacks.
   It affects your SH (+8).
 y - the ring "Cebotsemi" (left hand) {Str+4 Slay+3 SInv}
   (You bought it in a shop in a bazaar)

   [ring of see invisible]

   It affects your strength (+4).
   It affects your accuracy and damage with ranged weapons and melee attacks
   (+3).
   It lets you see invisible.
 z - the ring "Buigham" (right hand) {rF+ rN+ Str+7 Int-3 Dex+3}
   (You found it on level 4 of the Shoals)

   [ring of dexterity]

   It affects your strength (+7).
   It affects your intelligence (-3).
   It affects your dexterity (+3).
   It protects you from fire.
   It protects you from negative energy.
Wands
 r - a wand of digging (31)
Scrolls
 f - 7 scrolls of fear
 g - 32 scrolls of remove curse
 i - 27 scrolls of teleportation
 j - 9 scrolls of fog
 t - a scroll of silence
 v - 22 scrolls of identify
 w - 2 scrolls of brand weapon
 B - 15 scrolls of enchant weapon
 E - 2 scrolls of blinking
 F - 6 scrolls of immolation
 L - 8 scrolls of magic mapping
 P - 3 scrolls of holy word
 X - a scroll of summoning
Potions
 b - 7 potions of haste
 h - 2 potions of resistance
 k - 8 potions of might
 n - 6 potions of lignification
 q - 6 potions of ambrosia
 x - 14 potions of curing
 A - 3 potions of cancellation
 C - 8 potions of invisibility
 D - 5 potions of agility
 G - 9 potions of flight
 H - 7 potions of magic
 I - 3 potions of berserk rage
 M - 3 potions of brilliance
 S - 8 potions of heal wounds
Books
 N - a manual of Stealth
Miscellaneous
 e - a lightning rod (4/4)
 O - a phantom mirror
Comestibles
 c - 46 rations


   Skills:
 O Level 27 Fighting
 O Level 27 Axes
 + Level 25.4 Bows
 + Level 24.5 Armour
 * Level 12.4 Dodging
 - Level 1.1 Stealth


You had 26 spell levels left.
You didn't know any spells.
Your spell library was empty.

Dungeon Overview and Level Annotations

Branches:
Dungeon (15/15)            Temple (1/1) D:4            Lair (6/6) D:9
 Shoals (4/4) Lair:2       Spider (4/4) Lair:3        Slime (4/5) Lair:5
    Orc (2/2) D:11            Elf (3/3) Orc:2        Vaults (5/5) D:13
  Crypt (3/3) Vaults:2       Tomb (1/3) Crypt:3      Depths (5/5) D:15
    Zot (2/5) Depths:5

Altars:
Ashenzari
Cheibriados
Dithmenos
Elyvilon
Fedhas
Gozag
Hepliaklqana
Kikubaaqudgha
Makhleb
Nemelex Xobeh
Okawaru
Qazlal
Ru
Sif Muna
Trog
Uskayaw
Vehumet
Wu Jian
Xom
Yredelemnul
Zin
The Shining One
Beogh
Jiyva

Shops:
D:11 =   D:13 %   D:14 !   Orc:2 !(}:   Elf:1 *   Shoals:1 :   Shoals:3 ([
Vaults:1 *   Vaults:2 [   Vaults:3 =   Vaults:4 [

Portals:
Hell: Depths:1 Depths:2 Depths:3 Depths:5
Abyss: Depths:4 Depths:5
Pandemonium: Depths:2 Depths:3
Ziggurat: Depths:2


Innate Abilities, Weirdness & Mutations

You reflexively headbutt those who attack you in melee.
You have a pair of horns on your head.
You tend to lose your temper in combat.
Your magical capacity is low. (-10% MP)
You occasionally shout uncontrollably at your foes.
You are occasionally teleported next to monsters.


Message History

You headbutt the black bear!
The black bear is almost dead.
You slash the stone giant!
The stone giant looks as sick as possible!
You chop the black bear into pieces!!!!
You kill the black bear!
That felt strangely unrewarding.
You kill the black bear!
That felt strangely unrewarding.
You block the stone giant's attack.
You slice the stone giant like a ripe choko!!!
The stone giant looks as sick as possible!
You headbutt the stone giant!
You kill the stone giant!
That felt strangely unrewarding.
You closely miss the deep troll. You hit the stone giant.
The stone giant is poisoned.
The deep troll bites you!!
* * * LOW HITPOINT WARNING * * *
The deep troll closely misses you. The deep troll barely misses you.
The stone giant hits you!!!
You die...

##################
#@C............†..
#.T...............
#.................
#.................
#.................
#.................
#.................
#.................
#.................


You could see a stone giant (berserk) and a deep troll (berserk).

Vanquished Creatures
  Dissolution (Slime:3)
  An orb of fire (Zot:2)
  A juggernaut (Depths:2)
  6 ancient liches
  Sojobo (Crypt:2)
  Bai Suzhen (Crypt:3)
  A curse toe (Zot:2)
  4 caustic shrikes
  Jory (Vaults:3)
  13 golden dragons
  the Enchantress (Depths:4)
  2 bone dragons
  An electric golem (Zot:1)
  7 tentacled monstrosities
  Asterion (Spider:3)
  An Ice Fiend (IceCv)
  2 deep elf master archers (Elf:3)
  6 titans
  2 deep elf blademasters (Elf:3)
  2 liches
  A quicksilver dragon (Zot:2)
  9 acid blobs
  14 shadow dragons
  12 sphinxes
  A tentacled starspawn (Abyss:1)
  3 ancient champions (Crypt:2)
  4 death cobs
  5 tengu reavers
  A draconian monk (Zot:2)
  8 storm dragons
  Roxanne (Elf:3)
  Ilsuiw (Shoals:4)
  4 azure jellies
  A revenant (Crypt:2)
  5 draconian knights
  11 fire giants
  2 iron dragons
  8 deep elf sorcerers
  8 emperor scorpions
  A draconian scorcher (Depths:5)
  9 vault wardens
  Louise (Elf:3)
  7 frost giants
  A balrug (Depths:3)
  5 ghost moths
  An orc warlord (Elf:3)
  A curse skull (Crypt:3)
  3 spriggan defenders
  2 draconian stormcallers
  2 draconian annihilators (Zot:2)
  10 ironheart preservers
  A stone giant (shapeshifter) (Depths:2)
  3 war gargoyles (Crypt:3)
  3 deep elf elementalists (Elf:3)
  22 very ugly things
  An entropy weaver (Vaults:1)
  20 stone giants
  6 deep elf demonologists (Elf:3)
  10 vampire knights
  8 green draconians
  7 deep elf annihilators
  8 purple draconians
  8 black draconians
  Nessos (D:15)
  A minotaur (Lab)
  3 white draconians
  11 spark wasps
  A blizzard demon (Abyss:1)
  11 merfolk impalers
  2 merfolk javelineers
  7 red draconians (Zot:2)
  12 ettins
  2 eidola (Crypt:1)
  A deep elf high priest (Vaults:4)
  12 deep elf death magi
  14 yaktaur captains
  A jiangshi (Crypt:2)
  A mummy priest (Tomb:1)
  A quicksilver dragon zombie (Crypt:2)
  10 fire dragons
  2 death oozes
  15 great orbs of eyes
  7 hydras
  16 ice dragons
  2 spriggan air magi (Depths:4)
  8 rakshasas
  32 vault guards
  A quicksilver dragon skeleton (Crypt:3)
  4 merfolk aquamancers
  3 alligator snapping turtles
  5 merfolk avatars
  16 centaur warriors
  6 death scarabs (Tomb:1)
  4 deep troll earth magi
  4 tengu warriors
  2 death yaks (D:9)
  24 two-headed ogres
  31 dancing weapons
  4 satyrs
  3 deep troll shamans
  4 death knights
  12 ogre magi
  A two-headed ogre (shapeshifter) (Vaults:3)
  5 vampire magi
  2 storm dragon zombies
  37 deep elf knights
  15 hell knights
  A thrashing horror (Abyss:1)
  A wretched star (Abyss:1)
  A soul eater (Crypt:2)
  8 spriggan berserkers
  A titan skeleton (Crypt:3)
  31 skeletal warriors
  2 titan zombies
  Nergalle (Orc:2)
  A fire crab (shapeshifter) (Vaults:2)
  3 iron trolls
  2 shadow wraiths
  A deep troll (shapeshifter) (D:13)
  14 sea snakes
  A sixfirhy (Abyss:1)
  19 deep trolls
  A spark wasp zombie (Crypt:1)
  6 flayed ghosts
  6 glowing orange brains
  A death drake (shapeshifter) (Depths:1)
  2 starcursed masses (Abyss:1)
  2 unseen horrors (Vaults:1)
  6 wizards
  2 glowing orange brains (shapeshifter)
  2 golden dragon skeletons (Depths:2)
  A wolf spider zombie (D:15)
  16 harpies
  34 deep elf archers
  A lindwurm (shapeshifter) (Vaults:3)
  8 orc knights
  19 ironbrand convokers
  9 phantasmal warriors
  44 ugly things
  A harpy (shapeshifter) (Vaults:2)
  8 necromancers
  A lindwurm (Lair:6)
  21 orb spiders
  68 deep elf magi
  An anaconda skeleton (Crypt:3)
  8 orc sorcerers
  9 human zombies
  7 shining eyes
  3 frost giant zombies
  38 wolf spiders
  A salamander (Depths:3)
  10 manticores
  2 fire giant zombies
  5 oklob plants
  6 cyclopes
  A shadow dragon skeleton (Crypt:3)
  A manticore (shapeshifter) (Vaults:5)
  10 fauns
  16 moths of wrath
  3 frost giant skeletons
  A worldbinder (Abyss:1)
  6 elephants (Lair:6)
  A fire giant skeleton (Crypt:3)
  5 smoke demons
  A spiny frog (shapeshifter) (Vaults:2)
  A stone giant skeleton (Vaults:5)
  A black mamba (shapeshifter) (Vaults:4)
  4 black mambas
  11 merfolk sirens
  8 vault sentinels
  7 water nymphs
  11 torpor snails
  An ice statue (IceCv)
  3 eyes of devastation
  14 spiny frogs
  6 gargoyles
  32 yaktaurs
  A rime drake (shapeshifter) (Depths:2)
  2 rime drakes
  9 komodo dragons
  5 ice devils (IceCv)
  4 kobold demonologists
  A dire elephant skeleton (Crypt:1)
  A white draconian zombie (Crypt:3)
  2 efreet
  19 freezing wraiths
  A komodo dragon (shapeshifter) (Vaults:2)
  2 hellwings (Depths:3)
  4 tengu conjurers
  8 guardian mummies
  4 red devils (Crypt:3)
  A yellow draconian skeleton (Crypt:2)
  3 ancient zymes (Abyss:1)
  20 demonic crawlers
  3 anaconda simulacra (IceCv)
  A minotaur skeleton (Crypt:1)
  10 trolls
  3 meliai (Spider:3)
  34 jumping spiders
  2 polar bears
  A golden dragon simulacrum (IceCv)
  17 merfolk
  A meliai (shapeshifter) (Vaults:2)
  25 hornets
  4 tyrant leeches (Lair:6)
  2 hydra skeletons (Crypt:3)
  2 wind drakes (Shoals:2)
  A wolf spider simulacrum (IceCv)
  Prince Ribbit (D:7)
  A blink frog (shapeshifter) (Vaults:3)
  2 harpy skeletons
  5 snapping turtles
  114 slime creatures
  8 hippogriffs
  A frost giant simulacrum (Depths:2)
  12 blink frogs
  3 raiju (Abyss:1)
  9 flying skulls (Crypt:2)
  74 redbacks
  A centaur simulacrum (D:13)
  3 vampires (Vaults:2)
  A yak (shapeshifter) (Vaults:3)
  6 shadows
  21 water elementals
  An air elemental (Elf:1)
  39 tarantellas
  2 ettin skeletons
  3 dire elephant simulacra
  13 wraiths
  54 yaks
  4 fire bats (Depths:2)
  A fire dragon skeleton (Depths:1)
  9 spriggans (Depths:4)
  3 wyverns
  4 basilisks
  A human (shapeshifter) (Depths:3)
  A human (D:9)
  5 hungry ghosts
  4 golden eyes (Slime:2)
  20 fire elementals
  A chaos spawn (Abyss:1)
  Menkaure (D:4)
  2 death yak simulacra (IceCv)
  6 large abominations (Abyss:1)
  2 acid dragons
  4 vampire mosquitoes (D:14)
  The ghost of ThePrince the Skirmisher, an amateur KoBe of Trog (D:3)
  2 wargs
  5 harpy simulacra (IceCv)
  3 iron troll simulacra (IceCv)
  A water nymph zombie (Crypt:1)
  3 small abominations (Abyss:1)
  A water nymph skeleton (Crypt:2)
  A faun zombie (Crypt:1)
  A merfolk skeleton (Crypt:3)
  17 water moccasins
  A hydra simulacrum (IceCv)
  7 porcupines
  A hell hound (Depths:3)
  4 black bears
  An ice beast (D:2)
  20 orc warriors
  A gelid demonspawn skeleton (Crypt:2)
  An ettin simulacrum (Vaults:3)
  3 eyes of draining
  7 sky beasts
  A necrophage (D:13)
  2 boggarts (shapeshifter)
  A blink frog skeleton (Crypt:2)
  11 boggarts
  9 centaurs
  6 wolves (Lair:2)
  23 ogres
  3 phantoms
  A manticore skeleton (Crypt:3)
  A swamp dragon skeleton (Crypt:3)
  8 crocodiles
  5 big kobolds
  12 bullfrogs
  An elf skeleton (Crypt:3)
  A wyvern zombie (D:14)
  A glowing shapeshifter simulacrum (Vaults:5)
  A spiny frog simulacrum (Crypt:2)
  3 earth elementals
  A yaktaur skeleton (Crypt:1)
  2 scorpions
  A water moccasin skeleton (D:8)
  A wyvern skeleton (D:11)
  28 killer bees
  9 wights
  7 electric eels
  A wolf zombie (Crypt:2)
  A troll skeleton (Crypt:2)
  7 crimson imps
  2 draconian simulacra (IceCv)
  2 bullfrog zombies
  4 centaur zombies
  2 quasits (D:12)
  3 hounds
  3 jellies
  2 bullfrog skeletons
  17 orc priests
  Natasha (thrice) (D:3)
  43 orc wizards
  9 centaur skeletons
  A human skeleton (Crypt:1)
  6 iguanas
  14 worker ants
  2 troll simulacra (IceCv)
  2 polar bear simulacra (IceCv)
  A killer bee zombie (Crypt:1)
  2 spriggan simulacra (IceCv)
  2 wolf simulacra (IceCv)
  A big kobold skeleton (Crypt:2)
  A hound zombie (D:6)
  2 hound skeletons
  8 mummies
  A worker ant zombie (D:6)
  Robin (D:3)
  11 gnolls
  17 adders
  A naga simulacrum (IceCv)
  An ogre simulacrum (IceCv)
  9 shadow imps
  3 white imps
  11 ufetubi (IceCv)
  An ooze (D:2)
  2 adder skeletons
  An adder zombie (D:3)
  5 worms
  2 dart slugs
  6 leopard geckos
  96 orcs
  A bat skeleton (Crypt:2)
  6 giant cockroaches
  12 goblins
  12 hobgoblins
  9 jackals
  32 kobolds
  5 quokkas
  2 ball pythons
  7 bats
  7 frilled lizards
  A leopard gecko skeleton (D:6)
  9 rats
  6 fungi
  A lurking horror (Abyss:1)
  25 plants
  20 withered plants (Crypt:3)
2549 creatures vanquished.

Vanquished Creatures (collateral kills)
  A frost giant (Shoals:4)
  A stone giant (Depths:4)
  An entropy weaver (Spider:4)
  4 merfolk impalers (Shoals:4)
  2 rakshasas (Depths:4)
  A spriggan air mage (Depths:4)
  2 two-headed ogres (Depths:4)
  4 death yaks
  A spriggan berserker (Depths:4)
  A sea snake (Shoals:4)
  3 wolf spiders
  A faun (Depths:4)
  8 orb spiders
  A jumping spider (Spider:1)
  A tengu conjurer (Depths:4)
  A hornet (Depths:4)
  A spriggan (Depths:4)
  A redback (Spider:1)
  4 tarantellas
  2 porcupines (D:9)
  A hell rat (D:9)
42 creatures vanquished.

Vanquished Creatures (others)
  A lich (Vaults:3)
  A yellow draconian (Zot:2)
  A deep elf knight (Elf:3)
  A deep elf mage (Elf:1)
  A golden eye (Slime:2)
  A boggart (Depths:1)
  A bush (Lair:6)
  11 fungi
  50 plants
68 creatures vanquished.

Grand Total: 2659 creatures vanquished

Notes
Turn   | Place    | Note
-------+----------+-------------------------------------------
     0 | D:1      | tifemel the Minotaur Berserker began the quest for the Orb.
     0 | D:1      | Reached XP level 1. HP: 19/19 MP: 0/0
   122 | D:1      | Reached XP level 2. HP: 26/27 MP: 1/1
   578 | D:2      | Reached XP level 3. HP: 34/34 MP: 2/2
   888 | D:2      | Reached ** piety under Trog
   907 | D:2      | Reached XP level 4. HP: 35/41 MP: 3/3
  1055 | D:2      | Reached skill level 5 in Axes
  1302 | D:2      | Reached skill level 5 in Fighting
  1302 | D:2      | Reached XP level 5. HP: 42/48 MP: 4/4
  1751 | D:3      | Noticed an ice beast
  1791 | D:3      | Noticed Robin
  1798 | D:2      | Killed an ice beast
  1798 | D:2      | Reached XP level 6. HP: 32/56 MP: 5/5
  2021 | D:3      | Killed Robin
  2157 | D:3      | Found a runed gate.
  2157 | D:3      | Found a runed gate.
  2157 | D:3      | Found a runed gate.
  2159 | D:3      | Noticed ThePrince's ghost (amateur KoBe)
  2280 | D:3      | Reached *** piety under Trog
  2475 | D:3      | Noticed Natasha
  2485 | D:3      | Killed Natasha
  2635 | D:3      | Found a bloodstained altar of Trog.
  2661 | D:3      | Noticed Natasha
  2672 | D:3      | Killed Natasha
  2940 | D:3      | Noticed Natasha
  2946 | D:3      | Killed Natasha
  2946 | D:3      | Reached skill level 5 in Armour
  3016 | D:3      | Killed ThePrince's ghost
  3016 | D:3      | Reached XP level 7. HP: 61/61 MP: 6/6
  3224 | D:4      | Found a shadowy altar of Dithmenos.
  3228 | D:4      | Found a sacrificial altar of Ru.
  3228 | D:4      | Found a snail-covered altar of Cheibriados.
  3239 | D:4      | Found an iron altar of Okawaru.
  3244 | D:4      | Found a shattered altar of Ashenzari.
  3295 | D:4      | Found a radiant altar of Vehumet.
  3304 | D:4      | Found a staircase to the Ecumenical Temple.
  3341 | D:4      | Found a burning altar of Makhleb.
  3344 | D:4      | Found a glowing silver altar of Zin.
  3352 | D:4      | Noticed an angel
  3354 | D:4      | Noticed an Executioner
  3395 | D:4      | Reached skill level 1 in Stealth
  3428 | D:4      | Noticed Menkaure
  3440 | D:4      | Killed Menkaure
  3461 | D:4      | Reached XP level 8. HP: 28/70 MP: 7/7
  3567 | D:4      | Reached **** piety under Trog
  3847 | D:5      | Entered Level 5 of the Dungeon
  4049 | D:5      | Got a polished falchion
  4359 | D:6      | Found a sparkling altar of Nemelex Xobeh.
  4661 | D:6      | Got a transparent hat
  4667 | D:6      | Identified the +2 hat of the Orcish Mines {rN+++ MR- rCorr
                  | Int+3} (You found it on level 6 of the Dungeon)
  4829 | D:6      | Reached ***** piety under Trog
  4888 | D:6      | Reached skill level 10 in Axes
  5414 | D:7      | Noticed Prince Ribbit
  5425 | D:7      | Killed Prince Ribbit
  5425 | D:7      | Reached XP level 9. HP: 77/79 MP: 8/8
  5674 | D:7      | Noticed a kobold demonologist
  5681 | D:7      | Noticed an orange demon
  5688 | D:7      | Gained mutation: Your magical capacity is low. (-10% MP) [a
                  | neqoxec]
  5689 | D:7      | Killed a kobold demonologist
  5692 | D:7      | Noticed a kobold demonologist
  5697 | D:7      | Killed a kobold demonologist
  5832 | D:7      | Got a faintly glowing ring mail
  5844 | D:7      | Identified the +1 ring mail of Ranwu {rPois rF+} (You found
                  | it on level 7 of the Dungeon)
  6182 | D:7      | Received a gift from Trog
  6554 | D:8      | Reached XP level 10. HP: 78/90 MP: 8/8
  7492 | D:9      | Found a shimmering altar of Xom.
  7502 | D:9      | Received a gift from Trog
  7560 | D:9      | Noticed a death yak
  7573 | D:9      | Noticed a death yak
  7574 | D:9      | Noticed a death yak
  7581 | D:9      | Killed a death yak
  7581 | D:9      | Reached skill level 10 in Armour
  7586 | D:9      | Killed a death yak
  7593 | D:9      | Killed a death yak
  7703 | D:9      | Found a staircase to the Lair.
  8018 | D:10     | Entered Level 10 of the Dungeon
  8530 | D:10     | Reached XP level 11. HP: 99/99 MP: 8/8
  8626 | D:10     | Reached skill level 10 in Fighting
  8854 | Lair:1   | Entered Level 1 of the Lair of Beasts
  8884 | Lair:1   | You fall through a shaft!
  9501 | Lair:1   | Reached skill level 15 in Axes
 10359 | Lair:2   | Reached XP level 12. HP: 110/110 MP: 9/9
 10523 | Lair:2   | Found a staircase to the Shoals.
 10629 | Lair:2   | Noticed a death yak
 10630 | Lair:2   | Noticed a death yak
 10630 | Lair:2   | Noticed a death yak
 10642 | Lair:2   | Killed a death yak
 10643 | Lair:2   | Killed a death yak
 10645 | Lair:2   | Killed a death yak
 10645 | Lair:2   | Received a gift from Trog
 10964 | Lair:3   | Found a hole to the Spider Nest.
 10969 | Lair:3   | Found a labyrinth entrance.
 10975 | Lab      | Entered a labyrinth
 11290 | Lab      | Found an exit through the horrors of the Abyss.
 11395 | Lab      | Noticed a minotaur
 11401 | Lab      | Killed a minotaur
 11411 | Lab      | Got warped storm dragon scales
 11463 | Lair:3   | Identified the +8 storm dragon scales of Gluttony {+Blink
                  | rElec rN+} (You found it in a labyrinth)
 11639 | Lair:3   | Noticed a seven-headed hydra
 11646 | Lair:3   | Killed an 11-headed hydra
 12375 | Lair:4   | Noticed a four-headed hydra
 12429 | Lair:4   | Killed a seven-headed hydra
 13290 | Lair:5   | Noticed a five-headed hydra
 13297 | Lair:5   | Killed a nine-headed hydra
 13353 | Lair:5   | Reached XP level 13. HP: 95/119 MP: 10/10
 13459 | Lair:5   | Got a glittering steel ring
 13461 | Lair:5   | Identified the ring of Trog's Indignation {*Slow +Fly rN+
                  | Int+5} (You found it on level 5 of the Lair of Beasts)
 13718 | Lair:5   | Got an ancient war axe
 13726 | Lair:5   | Identified the +10 war axe of Tajal {flame, Int+3} (You
                  | found it on level 5 of the Lair of Beasts)
 13777 | Lair:5   | Found a viscous altar of Jiyva.
 13778 | Lair:5   | Found a staircase to the Slime Pits.
 14319 | Lair:6   | Entered Level 6 of the Lair of Beasts
 14440 | Lair:6   | Received a gift from Trog
 14499 | Lair:6   | Reached ****** piety under Trog
 15247 | Lair:6   | Found a runed door.
 15783 | Lair:6   | Reached XP level 14. HP: 71/132 MP: 9/11
 16228 | D:11     | Found a staircase to the Orcish Mines.
 16233 | D:11     | Found a roughly hewn altar of Beogh.
 16274 | D:11     | Found Kaih Fep's Jewellery Shoppe.
 16597 | D:12     | Reached skill level 1 in Bows
 16970 | D:12     | Found a blossoming altar of Fedhas.
 18074 | D:13     | Found a gate to the Vaults.
 18082 | D:13     | Reached skill level 15 in Fighting
 18264 | D:13     | Found Obood's Food Shoppe.
 18470 | D:14     | Reached skill level 15 in Armour
 18710 | D:14     | Found a glowing golden altar of the Shining One.
 18871 | D:14     | Found Diammair's Distillery.
 19310 | D:15     | Entered Level 15 of the Dungeon
 19364 | D:15     | Reached skill level 5 in Bows
 19617 | D:15     | Found a shattered altar of Ashenzari.
 19752 | D:15     | Reached XP level 15. HP: 141/141 MP: 12/12
 19805 | D:15     | Received a gift from Trog
 20013 | D:15     | Noticed Nessos
 20035 | D:15     | Killed Nessos
 20347 | D:15     | Found a staircase to the Depths.
 21012 | Spider:1 | Entered Level 1 of the Spider Nest
 21033 | Spider:1 | Received a gift from Trog
 21825 | Spider:1 | Received a gift from Trog
 22936 | Spider:2 | Reached XP level 16. HP: 56/154 MP: 6/13
 23916 | Spider:3 | Received a gift from Trog
 24064 | Spider:4 | Entered Level 4 of the Spider Nest
 24064 | Spider:4 | Noticed Asterion
 24082 | Spider:3 | Killed Asterion
 24298 | Spider:4 | Reached skill level 10 in Bows
 24603 | Spider:4 | Found the brooch of Shielding {Reflect SH+8}
 24952 | Spider:4 | Received a gift from Trog
 25790 | Spider:4 | Got a gossamer rune of Zot
 26331 | Orc:1    | Entered Level 1 of the Orcish Mines
 26401 | Orc:1    | Paralysed by an orc sorcerer for 7 turns
 26516 | Orc:2    | Entered Level 2 of the Orcish Mines
 26613 | Orc:2    | Found a staircase to the Elven Halls.
 26652 | Orc:2    | Received a gift from Trog
 26785 | Orc:2    | Reached XP level 17. HP: 163/163 MP: 14/14
 26836 | Orc:2    | Found a radiant altar of Vehumet.
 26998 | Orc:2    | Found Zuelax's Antique Weapon Shoppe.
 27002 | Orc:2    | Noticed Nergalle
 27006 | Orc:2    | Killed Nergalle
 27015 | Orc:2    | Paralysed by an orc sorcerer for 7 turns
 27051 | Orc:2    | Found an ancient bone altar of Kikubaaqudgha.
 27068 | Orc:2    | Found a roughly hewn altar of Beogh.
 27104 | Orc:2    | Found Xammolil's Book Emporium.
 27111 | Orc:2    | Found Immas's Gadget Emporium.
 27168 | Orc:2    | Found Voguhaz's Distillery.
 27192 | Orc:2    | Bought a potion of resistance for 170 gold pieces
 27192 | Orc:2    | Bought a potion of haste for 170 gold pieces
 27192 | Orc:2    | Identified a scroll of acquirement
 27418 | Orc:2    | Received a gift from Trog
 27486 | Orc:2    | Found a bloodstained altar of Trog.
 27915 | Orc:1    | Received a gift from Trog
 28269 | Vaults:1 | Entered Level 1 of the Vaults
 28465 | Vaults:1 | Found Vaukor's General Store.
 30007 | Vaults:1 | Received a gift from Trog
 31334 | Vaults:2 | Received a gift from Trog
 31446 | Vaults:2 | Reached XP level 18. HP: 159/174 MP: 13/15
 31662 | Vaults:2 | Paralysed by a vampire knight for 2 turns
 31669 | Vaults:2 | Received a gift from Trog
 31670 | Vaults:2 | Found a staircase to the Crypt.
 31874 | Vaults:2 | Reached skill level 15 in Bows
 32119 | Vaults:2 | Found Keregire's Armour Shoppe.
 32211 | Vaults:2 | Received a gift from Trog
 33085 | Shoals:1 | Entered Level 1 of the Shoals
 33085 | Shoals:1 | Found Hure's Book Emporium.
 33349 | Shoals:1 | Received a gift from Trog
 33660 | Shoals:2 | Found a flickering gateway to a bazaar.
 33683 | Bazaar   | Entered a bazaar
 33687 | Bazaar   | Found Jymour's Jewellery Boutique.
 33705 | Bazaar   | Found Mopon's Antique Weapon Emporium.
 33722 | Bazaar   | Found Plog's Book Boutique.
 33739 | Bazaar   | Found Fifudd's Antique Armour Shoppe.
 33761 | Bazaar   | Bought the ring "Cebotsemi" {Str+4 Slay+3 SInv} for 688
                  | gold pieces
 34757 | Shoals:3 | Found Eviph's Antique Armour Shoppe.
 34816 | Shoals:3 | Received a gift from Trog
 34852 | Shoals:3 | Found a frozen archway.
 34856 | IceCv    | Entered an ice cave
 35460 | IceCv    | Noticed an Ice Fiend
 35504 | IceCv    | Killed an Ice Fiend
 36108 | Shoals:3 | Received a gift from Trog
 36239 | Shoals:3 | Found Vuojy's Antique Weapon Shop.
 36428 | Shoals:4 | Entered Level 4 of the Shoals
 36568 | Shoals:4 | Reached XP level 19. HP: 176/185 MP: 16/16
 36682 | Shoals:4 | HP: 8/187 [frost giant/bolt of cold (27)]
 36910 | Shoals:4 | Got a barnacled rune of Zot
 36955 | Shoals:4 | Noticed Ilsuiw
 37011 | Shoals:4 | Killed Ilsuiw
 37546 | Shoals:4 | Received a gift from Trog
 37651 | Shoals:4 | Got a sparkling pewter ring
 37665 | Shoals:4 | Identified the ring "Buigham" {rF+ rN+ Str+7 Int-3 Dex+3}
                  | (You found it on level 4 of the Shoals)
 38789 | Vaults:3 | Noticed Jory
 38815 | Vaults:3 | Killed Jory
 39581 | Vaults:3 | Found Fekojato's Jewellery Shoppe.
 39827 | Vaults:4 | Received a gift from Trog
 39866 | Vaults:4 | Found Liadez's Antique Armour Shoppe.
 40183 | Vaults:4 | Paralysed by a great orb of eyes for 5 turns
 40519 | Vaults:4 | Reached XP level 20. HP: 156/199 MP: 17/17
 41806 | Depths:1 | Entered Level 1 of the Depths
 42145 | Depths:1 | Received a gift from Trog
 42178 | Depths:1 | Found a gateway to Hell.
 43514 | Depths:2 | Received a gift from Trog
 43715 | Depths:2 | Noticed a caustic shrike
 43716 | Depths:2 | Noticed a juggernaut
 43724 | Depths:2 | Killed a caustic shrike
 43729 | Depths:2 | Killed a juggernaut
 43896 | Depths:2 | Noticed a golden dragon
 43909 | Depths:2 | Killed a golden dragon
 43909 | Depths:2 | Reached XP level 21. HP: 125/210 MP: 17/17
 44141 | Depths:2 | Noticed a golden dragon
 44153 | Depths:2 | Killed a golden dragon
 44682 | Depths:2 | Found a gateway to a ziggurat.
 45150 | Depths:2 | Received a gift from Trog
 45217 | Depths:2 | Found a one-way gate leading to the halls of Pandemonium.
 45367 | Depths:3 | Paralysed by a great orb of eyes for 2 turns
 45430 | Depths:3 | Got a slimy pewter ring
 45433 | Depths:3 | Identified the ring of Birdsong {Ice rElec} (You found it
                  | on level 3 of the Depths)
 46414 | Depths:4 | Received a gift from Trog
 46630 | Depths:4 | Received a gift from Trog
 46851 | Depths:4 | Found a one-way gate to the infinite horrors of the Abyss.
 46957 | Depths:4 | Received a gift from Trog
 47257 | Depths:4 | Reached XP level 22. HP: 61/222 MP: 18/18
 47591 | Depths:4 | Noticed the Enchantress
 47625 | Depths:4 | Killed the Enchantress
 47789 | Depths:4 | Got faerie dragon scales
 47798 | Depths:4 | Got a smoking hat
 47809 | Depths:4 | Identified the +0 hat of the Hanged Man {MP+9 Str-4 Dex+9}
                  | (You acquired it on level 4 of the Depths)
 48495 | Depths:5 | Entered Level 5 of the Depths
 48542 | Depths:5 | Paralysed by a vampire knight for 3 turns
 48672 | Depths:5 | Received a gift from Trog
 48814 | Depths:5 | Noticed a caustic shrike
 48824 | Depths:5 | Killed a caustic shrike
 48835 | Depths:5 | Noticed a caustic shrike
 48836 | Depths:5 | Noticed a caustic shrike
 48845 | Depths:5 | Killed a caustic shrike
 48851 | Depths:5 | Killed a caustic shrike
 49101 | Depths:5 | Received a gift from Trog
 49398 | Depths:5 | Found a gate to the Realm of Zot.
 50260 | Elf:1    | Entered Level 1 of the Elven Halls
 50573 | Elf:1    | Found Keosediu's Assorted Antiques.
 50618 | Elf:1    | Bought a scroll of enchant armour for 262 gold pieces
 50721 | Elf:1    | Received a gift from Trog
 51236 | Elf:2    | Found a runed gate.
 51236 | Elf:2    | Found a runed gate.
 51252 | Elf:2    | Found a runed gate.
 52090 | Elf:2    | Received a gift from Trog
 52473 | Elf:3    | Entered Level 3 of the Elven Halls
 52477 | Elf:3    | Reached XP level 23. HP: 225/233 MP: 19/19
 52785 | Elf:3    | Received a gift from Trog
 52945 | Elf:3    | Noticed Roxanne
 53026 | Elf:3    | Noticed Louise
 53039 | Elf:3    | Received a gift from Trog
 53055 | Elf:3    | Killed Louise
 53503 | Elf:3    | Killed Roxanne
 53510 | Elf:3    | Identified Roxanne's Grimoire of the Rocks (You took it off
                  | Roxanne on level 3 of the Elven Halls)
 53737 | Elf:3    | Received a gift from Trog
 53887 | Elf:3    | Received a gift from Trog
 54125 | Elf:3    | Got a warped granite ring
 54340 | Elf:3    | Identified the ring of Juitadgheol {rF- EV+3 Dex+7} (You
                  | took it off a deep elf blademaster on level 3 of the Elven
                  | Halls)
 54392 | Elf:3    | Identified the Compendium of the Compass
 54418 | Elf:3    | Identified the Reference Book on Confrontation and Flight
 54482 | Elf:3    | Identified The Arcane Secrets of Rites and Rhymes
 55217 | Slime:1  | Entered Level 1 of the Pits of Slime
 55226 | Slime:1  | Received a gift from Trog
 55373 | Slime:2  | Paralysed by a great orb of eyes for 2 turns
 55381 | Slime:2  | Paralysed by a great orb of eyes for 2 turns
 55847 | Crypt:1  | Entered Level 1 of the Crypt
 55933 | Crypt:1  | Received a gift from Trog
 56449 | Crypt:1  | Received a gift from Trog
 56902 | Crypt:2  | Paralysed by a vampire knight for 5 turns
 57406 | Crypt:2  | Received a gift from Trog
 57630 | Crypt:2  | Noticed Sojobo
 57650 | Crypt:2  | Reached XP level 24. HP: 220/246 MP: 19/19
 57657 | Crypt:2  | Killed Sojobo
 57943 | Crypt:3  | Entered Level 3 of the Crypt
 57946 | Crypt:3  | Reached skill level 27 in Fighting
 58105 | Crypt:3  | Noticed Bai Suzhen
 58123 | Crypt:3  | Killed Bai Suzhen
 58412 | Crypt:3  | Paralysed by a sphinx for 4 turns
 58430 | Crypt:3  | Received a gift from Trog
 58625 | Crypt:3  | Found a staircase to the Tomb.
 58627 | Crypt:3  | Found the +5 scythe "Finisher" {speed, Str+3}
 58671 | Crypt:3  | Noticed an ancient lich
 58679 | Crypt:3  | Killed an ancient lich
 59501 | Crypt:3  | Found an ancient bone altar of Kikubaaqudgha.
 59517 | Crypt:3  | Noticed an ancient lich
 59525 | Crypt:3  | Killed an ancient lich
 59586 | Crypt:3  | Found the +7 Singing Sword
 59602 | Crypt:3  | Noticed an ancient lich
 59615 | Crypt:3  | Killed an ancient lich
 59761 | Crypt:3  | Got a steaming longbow
 60245 | Lair:1   | Identified the +9 longbow "Ilyutwag" {venom, rElec} (You
                  | found it on level 3 of the Crypt)
 60273 | Lair:1   | Got a pitted hat
 60284 | Lair:1   | Identified the +0 hat of the Rose {*Contam rElec rN+ SInv}
                  | (You acquired it on level 1 of the Lair of Beasts)
 60319 | D:9      | Gained mutation: You occasionally shout uncontrollably at
                  | your foes. [mutagenic glow]
 60677 | Elf:1    | Received a gift from Trog
 61381 | Depths:4 | Voluntarily entered the Abyss.
 61476 | Abyss:1  | Noticed an ancient lich
 61480 | Abyss:1  | Killed an ancient lich
 61563 | Abyss:1  | Received a gift from Trog
 61564 | Abyss:1  | Got a transparent battleaxe {god gift}
 61568 | Abyss:1  | Identified the +1 battleaxe of Ymname {venom, MR+ Str+2}
                  | (Trog gifted it to you on level 1 of the Abyss)
 61848 | Abyss:1  | Got a steaming plate armour
 61894 | Depths:4 | Escaped the Abyss
 61907 | Depths:4 | Identified the +8 plate armour "Uthro" {rF+ rCorr Int+3}
                  | (You found it on level 1 of the Abyss)
 62358 | Vaults:5 | Entered Level 5 of the Vaults
 62366 | Vaults:4 | Reached skill level 27 in Axes
 62378 | Vaults:4 | Reached skill level 5 in Dodging
 62609 | Vaults:5 | Reached XP level 25. HP: 256/256 MP: 19/19
 62787 | Vaults:5 | Received a gift from Trog
 63009 | Vaults:5 | Paralysed by a great orb of eyes for 6 turns
 63026 | Vaults:5 | Noticed an ancient lich
 63032 | Vaults:5 | Killed an ancient lich
 63032 | Vaults:5 | Noticed an ancient lich
 63038 | Vaults:5 | Killed an ancient lich
 63993 | Vaults:5 | Received a gift from Trog
 64030 | Vaults:5 | Got a silver rune of Zot
 64246 | Vaults:5 | Received a gift from Trog
 64297 | Vaults:5 | Got a twisted longbow {god gift}
 64298 | Vaults:5 | Identified the +6 longbow of Trog's Anger {flame, rC+}
                  | (Trog gifted it to you on level 5 of the Vaults)
 65125 | Lair:1   | Identified the +1 faerie dragon scales {rElec rN+ rCorr
                  | MP+9} (You took it off the Enchantress on level 4 of the
                  | Depths)
 65465 | Zot:1    | Entered Level 1 of the Realm of Zot
 65518 | Zot:1    | Got a bloodstained flail
 66675 | Zot:2    | Reached XP level 26. HP: 265/265 MP: 19/19
 66687 | Zot:2    | Reached skill level 10 in Dodging
 67133 | Zot:2    | Found a transporter.
 67134 | Zot:2    | Found the +0 mask of the Dragon {MR+ Slay+3 SInv}
 67193 | Zot:2    | Found a transporter.
 67491 | Zot:2    | Received a gift from Trog
 67703 | Zot:2    | Noticed an orb of fire
 67710 | Zot:2    | Gained mutation: You tend to lose your temper in combat.
                  | [an orb of fire]
 67713 | Zot:2    | Gained mutation: You are occasionally teleported next to
                  | monsters. [an orb of fire]
 67714 | Zot:2    | Killed an orb of fire
 68725 | Lair:1   | Identified the +9 flail "Kyogos" {holy, rPois rF+ rC-
                  | Str+5} (You found it on level 1 of the Realm of Zot)
 68940 | Slime:2  | Paralysed by a great orb of eyes for 4 turns
 69634 | Slime:1  | Received a gift from Trog
 70317 | Slime:3  | Noticed Dissolution
 70325 | Slime:3  | Received a gift from Trog
 70340 | Slime:3  | Killed Dissolution
 71640 | Slime:4  | Reached XP level 27. HP: 262/273 MP: 19/19
 72152 | Temple   | Entered the Ecumenical Temple
 72217 | D:4      | Fell from the grace of Trog
 72217 | D:4      | Became a worshipper of Zin the Law-Giver
 72217 | D:4      | Reached * piety under Zin
 72217 | D:4      | Reached ** piety under Zin
 72759 | Tomb:1   | Entered Level 1 of the Tomb of the Ancients
 72894 | Tomb:1   | Reached *** piety under Zin
 72951 | Tomb:1   | Paralysed by a sphinx for 4 turns
 72964 | Tomb:1   | Paralysed by a sphinx for 5 turns
 72971 | Tomb:1   | Paralysed by a sphinx for 7 turns
 72977 | Tomb:1   | HP: 11/272 [??? (3)]
 72982 | Tomb:1   | HP: 16/408 [freezing wraith[a mummy priest] (1)]
 72984 | Tomb:1   | HP: 6/408 [sphinx/divine providence (11)]
 72989 | Tomb:1   | HP: 7/408 [torment (1)]
 72991 | Tomb:1   | HP: 3/272 [sphinx (4)]
 73117 | Tomb:1   | Mangled by a stone giant

Skill      XL: |  1  2  3  4  5  6  7  8  9 10 11 12 13 14 15 16 17 18 19 20 21 22 23 24 25 26 |
---------------+-------------------------------------------------------------------------------+-----
Fighting       | 4 5 6 7 8 9 11 12 14 15 16 18 20 21 23 24 25 26 27 | 27.0
Axes           | 4 5 6 7 8 10 12 14 15 17 19 20 21 22 23 24 25 26 27 | 27.0
Armour         | 3 4 5 6 8 9 11 12 13 14 15 16 17 18 19 20 21 23 24 | 24.5
Stealth        | 1 |  1.1
Bows           | 5 8 11 14 16 17 18 19 21 23 25 | 25.4
Dodging        | 3 4 6 9 12 | 12.4

Action                   |  1- 3 |  4- 6 |  7- 9 | 10-12 | 13-15 | 16-18 | 19-21 | 22-24 | 25-27 || total
-------------------------+-------+-------+-------+-------+-------+-------+-------+-------+-------++-------
Melee: Hand axe          |    55 |   145 |   178 |       |       |       |       |       |       ||   378
       Headbutt          |     8 |    19 |    87 |   106 |   198 |   175 |   169 |   155 |    61 ||   978
       War axe           |       |       |   240 |    66 |       |       |       |       |       ||   306
       Battleaxe         |       |       |       |   428 |  1018 |   780 |    83 |   111 |    10 ||  2430
       Executioner's axe |       |       |       |       |       |       |   462 |   478 |   163 ||  1103
       Flail             |       |       |       |       |       |       |       |       |     2 ||     2
 Fire: Longbow           |       |       |       |       |   120 |   435 |       |   285 |   915 ||  1755
       Shortbow          |       |       |       |       |       |   467 |  1165 |  1240 |       ||  2872
Invok: Berserk           |     1 |     2 |     3 |     2 |       |     2 |     2 |       |       ||    12
       Trog's Hand       |       |       |     1 |       |     1 |     5 |     5 |     8 |     1 ||    21
       Brothers in Arms  |       |       |       |     2 |     2 |     5 |     4 |       |       ||    13
 Abil: Evoke Blink       |       |       |       |       |       |     1 |       |       |       ||     1
       Evoke Flight      |       |       |       |       |       |       |       |     2 |       ||     2
  Use: Scroll            |       |     1 |     5 |    10 |     9 |    10 |     4 |    16 |     2 ||    57
       Potion            |       |       |       |       |     3 |     3 |     2 |       |     7 ||    15
 Stab: Distracted        |       |       |       |       |       |       |     2 |       |       ||     2
  Eat: Chunk             |     1 |     4 |    16 |    21 |    23 |    18 |    15 |    13 |    12 ||   123
       Ration            |       |     1 |       |     3 |     3 |     9 |     7 |    11 |     6 ||    40
Armor: Animal skin       |     1 |       |       |       |       |       |       |       |       ||     1
       Ring mail         |    15 |    39 |       |       |       |       |       |       |       ||    54
       Chain mail        |       |    10 |   226 |   190 |       |       |       |       |       ||   426
       Storm dragon scal |       |       |       |   112 |   897 |   781 |   481 |    16 |       ||  2287
       Gold dragon scale |       |       |       |       |       |       |       |   565 |   414 ||   979
Dodge: Dodged            |    26 |    91 |   184 |   229 |   511 |   513 |   313 |   278 |   255 ||  2400
       Deflected         |       |       |       |       |       |       |    44 |    66 |    19 ||   129
Block: Other             |       |       |       |       |       |       |       |    41 |   108 ||   149
       Reflection        |       |       |       |       |       |       |       |       |     2 ||     2
